 Dungeon Sprint DCSS version 0.17-a0-1646-geb1493d (webtiles) character file.

3658 Kidiri the Unseen (level 9, -1/39 HPs)
             Began as a Spriggan Enchanter on Aug 10, 2015.
             Was an Initiate of Dithmenos.
             Engulfed by a crystal guardian's freezing vapour (17 damage)
             ... in the Dungeon (Sprint II: "The Violet Keep of Menkaure").
             The game lasted 00:21:53 (1799 turns).

Kidiri the Unseen (Spriggan Enchanter)              Turns: 1799, Time: 00:21:53

Health: -1/39      AC:  4    Str:  9    XL:     9   Next: 88%
Magic:  26/26      EV: 31    Int: 18    God:    Dithmenos [......]
Gold:   1161       SH:  0    Dex: 18    Spells: 5 memorised, 21 levels left

rFire  . . .     SeeInvis +     a - +2 dagger
rCold  . . .     Clarity  .     b - +2 robe
rNeg   . . .     SustAt   .     (shield restricted)
rPois  .         Gourm    .     (helmet restricted)
rElec  .         Spirit   .     (no cloak)
rCorr  .         Warding  .     (gloves unavailable)
rMut   .         NoTele   +     (boots unavailable)
MR     +....                    (no amulet)
Stlth  ++++......               (no ring)
                                (no ring)

@: mighty, very quick, somewhat resistant to hostile enchantments, stealthy
A: unfitting armour, see invisible, herbivore 3, speed 3, slow metabolism 2
a: Renounce Religion


You were in the Dungeon.
You worshipped Dithmenos.
Dithmenos was noncommittal.
You were not hungry.

You visited 1 branch You collected 1161 gold pieces.

Inventory:

Hand weapons
 a - a +2 dagger (weapon)
Armour
 b - a +2 robe (worn)
Scrolls
 e - a scroll of enchant armour
 j - a scroll of blinking
 q - 3 scrolls of remove curse
Potions
 f - 2 potions of curing
 g - a potion of haste
 h - 3 potions of magic
 k - a potion of brilliance
 l - 2 potions of resistance
 n - a potion of lignification
 s - 2 potions of flight
Books
 c - a book of Maledictions

   Spells                             Type                      Level
   a - Corona                         Hexes                        1
   b - Ensorcelled Hibernation        Hexes/Ice                    2
   c - Confuse                        Hexes                        3
   d - Tukima's Dance                 Hexes                        3
   e - Dazzling Spray                 Conjuration/Hexes            3
Comestibles
 d - a bread ration


   Skills:
 + Level 8.4 Short Blades
 * Level 14.7 Dodging
 * Level 16.2 Stealth
 * Level 12.8 Spellcasting
 + Level 4.5 Conjurations
 + Level 9.8 Hexes
 + Level 5.1 Ice Magic
 + Level 0.4 Invocations


You had 21 spell levels left.
You knew the following spells:

 Your Spells              Type           Power        Failure   Level  Hunger
a - Corona                Hex            #####..      1%          1    None
b - Ensorcelled Hibernat  Hex/Ice        #####.       1%          2    None
c - Confuse               Hex            #####...     1%          3    None
d - Tukima's Dance        Hex            #####...     1%          3    None
e - Dazzling Spray        Conj/Hex       #####...     1%          3    None


Dungeon Overview and Level Annotations

Branches:
Dungeon (1/1)

Altars:
Cheibriados
Dithmenos
Elyvilon
Fedhas
Gozag
Kikubaaqudgha
Makhleb
Nemelex Xobeh
Okawaru
Qazlal
Ru
Sif Muna
Trog
Vehumet
Xom
Yredelemnul
Zin
The Shining One
Beogh
Jiyva
Lugonu

Shops:
D }:}*=[?}:!=[=!%(

Annotations:
D exclusion: oklob plant, Roxanne


Innate Abilities, Weirdness & Mutations

You are tiny and cannot use many weapons and most armour.
You have supernaturally acute eyesight.
You are a herbivore.
You cover ground extremely quickly.
You need consume almost no food.


Message History

You puncture the crystal guardian!
The crystal guardian is moderately damaged.
The crystal guardian completely misses you.
You hit the crystal guardian.
The crystal guardian is moderately damaged.
You hit the crystal guardian.
The crystal guardian is heavily damaged.
The crystal guardian closely misses you.
You puncture the crystal guardian!
The crystal guardian is heavily damaged.
Your unstable footing causes you to fumble your attack.
The crystal guardian fires a crystalline bolt at you.
The crystal bolt misses you.
Your unstable footing causes you to fumble your attack.
You are engulfed in freezing vapours.
* * * LOW HITPOINT WARNING * * *
The crystal guardian misses you.
Drink which item? (? for menu, Esc to quit)
You feel better.
You are engulfed in freezing vapours.
You die...

.#,,***#.*,.#)[▓..(.()([▓▓,⌠,*,*,
.####,,+^##.#[[▓.)[[([.(▓▓,,,*,*,
....#,,#...####▓..[.....▓▓,,,*,*,
##..#####k.##.#▓)(...[)(▓▓,,,*,*,
.##..#HH+..#..#▓......%.▓▓,,,*,*,
).#..#,,#..#.)#▓()....()▓▓,⌠,*,*,
#.+..####..##.#▓[.......▓▓,,,*,*,
..#..§.###...##▓▓▓▓▓▓▓+▓▓▓▓+▓*,**
.##..§...≈≈≈(≈≈8@§§§§§...≈≈≈▓,,,,
##≈≈.....≈#+########+###.≈X≈▓,,,,
§≈≈≈≈§≈..≈#....._._#≈≈≈##≈≈≈▓,,,,
≈≈§≈≈≈≈≈.§#...._._.#≈§§§####▓****
§≈≈§≈§≈≈≈≈#..._._._#§≈≈§≈#*,,*,,*
≈≈≈≈≈≈§§≈≈#.._._._.#≈§§§≈≈*,,*,,*
#§§≈≈≈§≈§≈#.⌠._._._#≈≈§§≈≈+,,+,,*
##§≈≈###≈≈#.._._._.#≈§≈§≈≈*,,*,,*
≈##≈≈#,#§§#._._._..#§≈§≈≈≈*,,*,,*


You could see a crystal guardian.

Vanquished Creatures
  A siren (D)
  A yaktaur (D)
  3 polar bears (D)
  11 flying skulls (D)
  2 hippogriffs (D)
  2 swamp drakes (D)
  4 necrophages (D)
  A wasp (D)
  2 crocodiles (D)
  A scorpion (D)
  2 worms (D)
30 creatures vanquished.

Vanquished Creatures (others)
  Menkaure (D)
  A worm (D)
2 creatures vanquished.

Grand Total: 32 creatures vanquished

Notes
Turn   | Place    | Note
--------------------------------------------------------------
     0 | D        | Kidiri the Spriggan Enchanter began the quest for the Orb.
     0 | D        | Reached XP level 1. HP: 9/9 MP: 5/5
     1 | D        | Noticed a necrophage
     1 | D        | Noticed a necrophage
     1 | D        | Noticed a necrophage
     1 | D        | Noticed a necrophage
     9 | D        | Killed a necrophage
     9 | D        | Reached skill level 6 in Dodging
     9 | D        | Reached skill level 7 in Stealth
     9 | D        | Reached skill level 5 in Spellcasting
     9 | D        | Reached skill level 5 in Hexes
     9 | D        | Reached XP level 2. HP: 10/13 MP: 4/9
     9 | D        | Reached XP level 3. HP: 12/16 MP: 4/11
     9 | D        | Reached XP level 4. HP: 15/21 MP: 4/12
    13 | D        | Killed a necrophage
    13 | D        | Reached skill level 8 in Dodging
    13 | D        | Reached skill level 9 in Stealth
    13 | D        | Reached XP level 5. HP: 17/24 MP: 4/15
    19 | D        | Killed a necrophage
    19 | D        | Reached skill level 10 in Stealth
    41 | D        | Learned a level 2 spell: Ensorcelled Hibernation
    51 | D        | Learned a level 3 spell: Confuse
    53 | D        | Killed a necrophage
    53 | D        | Reached skill level 5 in Short Blades
    53 | D        | Reached skill level 10 in Dodging
    53 | D        | Reached skill level 11 in Stealth
    53 | D        | Reached skill level 1 in Ice Magic
    53 | D        | Reached XP level 6. HP: 17/28 MP: 7/18
    61 | D        | Learned a level 3 spell: Tukima's Dance
    65 | D        | Learned a level 3 spell: Dazzling Spray
   170 | D        | Noticed a hippogriff
   170 | D        | Noticed a hippogriff
   174 | D        | Noticed a siren
   179 | D        | Noticed a flying skull
   179 | D        | Noticed a flying skull
   181 | D        | Noticed a flying skull
   182 | D        | Noticed a flying skull
   182 | D        | Noticed a flying skull
   182 | D        | Noticed a flying skull
   184 | D        | Noticed a flying skull
   185 | D        | Noticed a flying skull
   185 | D        | Killed a flying skull
   185 | D        | Reached skill level 1 in Conjurations
   186 | D        | Noticed a flying skull
   186 | D        | Noticed a flying skull
   187 | D        | Noticed a flying skull
   187 | D        | Killed a flying skull
   187 | D        | Reached skill level 12 in Stealth
   187 | D        | Reached XP level 7. HP: 26/32 MP: 11/21
   190 | D        | Noticed a flying skull
   199 | D        | Killed a flying skull
   199 | D        | Reached skill level 10 in Spellcasting
   205 | D        | Killed a flying skull
   205 | D        | Reached skill level 13 in Stealth
   214 | D        | Killed a flying skull
   214 | D        | Reached XP level 8. HP: 36/36 MP: 18/23
   216 | D        | Killed a flying skull
   223 | D        | Killed a flying skull
   281 | D        | Noticed Menkaure
   308 | D        | Killed a hippogriff
   311 | D        | Killed a hippogriff
   311 | D        | Reached skill level 14 in Stealth
   345 | D        | Killed a siren
   369 | D        | Killed Menkaure
   370 | D        | Noticed Roxanne
   372 | D        | Noticed a crocodile
   374 | D        | Killed a crocodile
   374 | D        | Reached XP level 9. HP: 39/39 MP: 25/25
   401 | D        | Found Enoilong's Distillery.
   401 | D        | Found Vyn Apyz's Antique Weapon Emporium.
   401 | D        | Found Winewn's Jewellery Shoppe.
   401 | D        | Found Amamyaru's Food Shoppe.
   401 | D        | Found Moipnomp's Antique Armour Emporium.
   401 | D        | Noticed a scorpion
   402 | D        | Found Gokhar's Jewellery Emporium.
   402 | D        | Found Ycuj's Distillery.
   402 | D        | Found Xenela's Book Emporium.
   402 | D        | Found Iduim's Gadget Shoppe.
   403 | D        | Found Ununen's Magic Scroll Emporium.
   403 | D        | Found Tygus's Antique Armour Shoppe.
   403 | D        | Found Zedosm's Jewellery Shoppe.
   426 | D        | Killed a scorpion
   709 | D        | Noticed a crocodile
   719 | D        | Killed a flying skull
   721 | D        | Killed a crocodile
   721 | D        | Reached skill level 15 in Stealth
   723 | D        | Killed a flying skull
   982 | D        | Killed a flying skull
  1092 | D        | Noticed an iron elemental
  1094 | D        | Found Abryhoint's Assorted Antiques.
  1094 | D        | Found Kumaum's Gadget Emporium.
  1094 | D        | Noticed an oklob plant
  1095 | D        | Killed a flying skull
  1152 | D        | Found Peula's Gadget Shoppe.
  1152 | D        | Found Yzet's Book Shoppe.
  1153 | D        | Noticed a redback
  1154 | D        | Noticed a redback
  1157 | D        | Noticed an ice dragon
  1158 | D        | Noticed an electric eel
  1159 | D        | Noticed an electric eel
  1242 | D        | Found a blossoming altar of Fedhas.
  1242 | D        | Found a white marble altar of Elyvilon.
  1243 | D        | Found an opulent altar of Gozag.
  1243 | D        | Found a radiant altar of Vehumet.
  1244 | D        | Found a bloodstained altar of Trog.
  1244 | D        | Found a stormy altar of Qazlal.
  1244 | D        | Found a glowing golden altar of the Shining One.
  1245 | D        | Found a sparkling altar of Nemelex Xobeh.
  1245 | D        | Found a viscous altar of Jiyva.
  1245 | D        | Found a shimmering altar of Xom.
  1246 | D        | Found a deep blue altar of Sif Muna.
  1246 | D        | Found a burning altar of Makhleb.
  1247 | D        | Found a glowing silver altar of Zin.
  1247 | D        | Found a snail-covered altar of Cheibriados.
  1247 | D        | Found a sacrificial altar of Ru.
  1247 | D        | Found a basalt altar of Yredelemnul.
  1247 | D        | Noticed a polar bear
  1248 | D        | Noticed a yaktaur
  1248 | D        | Noticed a wasp
  1250 | D        | Noticed a polar bear
  1257 | D        | Killed a polar bear
  1261 | D        | Killed a polar bear
  1264 | D        | Killed a wasp
  1269 | D        | Noticed a polar bear
  1270 | D        | Killed a yaktaur
  1270 | D        | Reached skill level 5 in Ice Magic
  1285 | D        | Killed a polar bear
  1285 | D        | Reached skill level 16 in Stealth
  1473 | D        | Found an iron altar of Okawaru.
  1473 | D        | Found a corrupted altar of Lugonu.
  1473 | D        | Found a roughly hewn altar of Beogh.
  1474 | D        | Found a shadowy altar of Dithmenos.
  1474 | D        | Found an ancient bone altar of Kikubaaqudgha.
  1490 | D        | Noticed an obsidian statue
  1493 | D        | Became a worshipper of Dithmenos the Shadowed
  1509 | D        | Noticed a crocodile
  1511 | D        | Noticed a kraken
  1512 | D        | Noticed a crocodile
  1745 | D        | Noticed a death drake
  1745 | D        | Noticed a swamp drake
  1747 | D        | Noticed a hippogriff
  1748 | D        | Noticed a swamp drake
  1748 | D        | Noticed a hippogriff
  1749 | D        | Noticed a death drake
  1767 | D        | Noticed a crystal guardian
  1775 | D        | Killed a swamp drake
  1785 | D        | Killed a swamp drake
  1799 | D        | Engulfed by a crystal guardian's freezing vapour

Vault maps used:
D:        the_violet_keep_of_menkaure

Action                   |  1- 3 |  4- 6 |  7- 9 || total
-------------------------+-------+-------+-------++-------
Melee: Dagger            |     5 |    21 |    93 ||   119
 Cast: Corona            |     1 |       |       ||     1
       Confuse           |       |     3 |    24 ||    27
       Ensorcelled Hiber |       |     1 |    13 ||    14
       Dazzling Spray    |       |       |    13 ||    13
  Use: Potion            |     1 |       |    12 ||    13
       Scroll            |       |       |     8 ||     8
 Stab: Confused          |       |     3 |    11 ||    14
       Sleeping          |       |     2 |     7 ||     9
       Fleeing           |       |       |     1 ||     1
       Invisible         |       |       |     1 ||     1
